 Dungeon Crawl Stone Soup version 0.18-a0-1285-g60d00e1 (webtiles) character file.

14319 Ijustatesigmund the Basher (level 11, -3/90 HPs)
             Began as a Demonspawn Fighter on Feb 8, 2016.
             Was a High Priest of Okawaru.
             Slain by a hell rat (4 damage)
             ... summoned by a deep elf mage
             ... on level 12 of the Dungeon.
             The game lasted 00:28:47 (11339 turns).

Ijustatesigmund the Basher (Demonspawn Fighter)    Turns: 11339, Time: 00:28:48

Health: -3/90      AC: 15    Str: 17    XL:     11   Next: 87%
Magic:  13/13      EV: 11    Int: 15    God:    Okawaru [*****.]
Gold:   689        SH: 11    Dex: 16    Spells: 0 memorised, 10 levels left

rFire  . . .     SeeInvis .     A - +1 morningstar
rCold  . . .     Gourm    .     b - +0 scale mail
rNeg   . . .     Faith    .     c - +1 shield
rPois  .         Spirit   .     (helmet restricted)
rElec  .         Dismiss  .     n - +2 cloak {+Inv}
rCorr  .         Reflect  .     F - +1 pair of gloves
SustAt .         Harm     .     v - +1 pair of boots
MR     .....                    j - amulet of magic regeneration
Stlth  ..........               D - ring of flight
                                p - +6 ring of intelligence

@: drained, not resistant to hostile enchantments, extremely unstealthy
A: beak, hooves 2, horns 1, powered by death 1, evolution 1
a: Heroism, Finesse, Renounce Religion, Evoke Invisibility, Evoke Flight


You were on level 12 of the Dungeon.
You worshipped Okawaru.
Okawaru was extremely pleased with you.
You were not hungry.

You visited 2 branches of the dungeon, and saw 13 of its levels.

You collected 689 gold pieces.

Inventory:

Hand Weapons
 a - a +1 flail of freezing
 s - a +4 hunting sling
 A - a +1 morningstar (weapon)
Armour
 b - a +0 scale mail (worn)
 c - a +1 shield (worn)
 n - a +2 cloak of invisibility (worn)
 v - a +1 pair of boots (worn)
 F - a +1 pair of gloves (worn)
Jewellery
 j - an amulet of magic regeneration (around neck)
 p - a +6 ring of intelligence (left hand)
 D - a ring of flight (right hand)
Wands
 q - a wand of disintegration (21/24)
Scrolls
 g - 3 scrolls of blinking
 h - 3 scrolls of amnesia
 m - 6 scrolls of teleportation
 x - 2 scrolls of identify
 y - 4 scrolls of recharging
Potions
 d - 3 potions of ambrosia
 e - a potion of flight
 k - 4 potions of curing
 o - a potion of resistance
 r - a potion of lignification
 t - a potion of cure mutation
 u - 3 potions of haste
 w - 3 potions of brilliance
 z - a potion of agility
 H - a potion of heal wounds
Books
 i - a book of Death

   Spells                             Type                      Level
   a - Corpse Rot                     Necromancy                   2
   b - Sublimation of Blood           Necromancy                   2
   c - Agony                          Necromancy                   5
   d - Dispel Undead                  Necromancy                   5
   e - Excruciating Wounds            Charms/Necromancy            5
   f - Bolt of Draining               Conjuration/Necromancy       5
 B - an Akashic Record

   Spells                             Type                      Level
   a - Dispersal                      Translocation                6
   b - Malign Gateway                 Summoning/Translocation      7
   c - Disjunction                    Translocation                8
   d - Controlled Blink               Translocation                8
 E - a book of Air

   Spells                             Type                      Level
   a - Shock                          Conjuration/Air              1
   b - Swiftness                      Charms/Air                   2
   c - Repel Missiles                 Charms/Air                   2
   d - Static Discharge               Conjuration/Air              3
   e - Lightning Bolt                 Conjuration/Air              5
Comestibles
 f - 14 bread rations
 l - 4 meat rations
 C - 9 slices of pizza


   Skills:
 + Level 10.1(9.3) Fighting
 + Level 11.6(10.8) Maces & Flails
 - Level 7.4(6.7) Armour
 - Level 6.6(5.9) Dodging
 - Level 7.2(6.5) Shields
 + Level 3.6(2.9) Invocations


You had 10 spell levels left.
You didn't know any spells.

Dungeon Overview and Level Annotations

Branches:
Dungeon (12/15)            Temple (1/1) D:5            Lair (0/8) D:10
    Orc: D:9-12

Altars:
Ashenzari
Cheibriados
Dithmenos
Fedhas
Kikubaaqudgha
Nemelex Xobeh
Okawaru
Qazlal
Ru
Sif Muna
Trog
Vehumet
Xom
Zin

Annotations:
D:8 Erolcha
D:10 exclusion: obsidian statue


Innate Abilities, Weirdness & Mutations

You have hoof-like feet.
You regenerate a little health from kills.
You have a beak for a mouth.
You have a pair of small horns on your head.
You evolve.


Message History

The deep elf mage is almost dead.
You block the hell rat's attack. The hell rat completely misses you.
The chaos spawn gores you!
* * * LOW HITPOINT WARNING * * *
Something hits you but does no damage.
The deep elf mage hits you but does no damage.
You hit the deep elf mage. You headbutt the deep elf mage.
You peck the deep elf mage.
The deep elf mage is almost dead.
The hell rat closely misses you. You block the hell rat's attack.
The chaos spawn hits you!
* * * LOW HITPOINT WARNING * * *
The chaos spawn shocks you.
* * * LOW HITPOINT WARNING * * *
A sky beast appears from thin air!
Reactivating autopickup.
The sky beast hits you but does no damage.
The hell rat bites you but does no damage.
The hell rat bites you.
You die...

#...# #..
#..$# .. #...
#...# ...
#...##...##...
#....#........
#....#r.....
#....#e3.#
#Y@r.# #r...#
#....##
#.<...#
#.....#
#....## ##...#
#####


You could see a deep elf mage, a chaos spawn, a sky beast and 3 hell rats.

Vanquished Creatures
  A hydra (D:11)
  Pikel (D:4)
  An ugly thing (D:11)
  The ghost of Uberwunderbarhen the Ducker, a novice OpBe of Trog (D:5)
  4 trolls
  6 yaks
  A human (D:7)
  A hog (D:7)
  A hungry ghost (D:9)
  A hippogriff (D:8)
  4 ice beasts
  3 sky beasts
  4 orc warriors
  A slave (D:4)
  2 black bears
  2 necrophages
  A phantom (D:9)
  5 ogres
  A centaur (D:6)
  3 crocodiles
  4 big kobolds
  4 giant frogs
  3 scorpions
  A water moccasin skeleton (D:8)
  8 wights
  5 crimson imps
  A centaur zombie (D:10)
  A giant frog zombie (D:9)
  9 hounds
  A gnoll shaman (D:7)
  5 centaur skeletons
  3 orc priests
  A giant frog skeleton (D:6)
  Jessica (D:3)
  4 iguanas
  Terence (D:3)
  2 orc wizards
  9 worker ants
  3 sheep (D:7)
  A hound skeleton (D:6)
  A worker ant zombie (D:6)
  12 gnolls
  A river rat (D:10)
  10 adders
  A shadow imp (D:11)
  3 oozes
  3 adder skeletons
  A worm (D:2)
  A giant gecko (D:8)
  26 orcs
  14 bats
  5 giant cockroaches
  34 goblins
  28 hobgoblins
  2 jackals (D:4)
  12 kobolds
  4 quokkas
  A giant newt (D:5)
  A quokka skeleton (D:7)
  A quokka zombie (D:7)
  10 rats
282 creatures vanquished.

Vanquished Creatures (others)
  A wizard (D:6)
  A sky beast (D:9)
  An orc wizard (D:4)
  A hound skeleton (D:9)
  An adder (D:9)
  An adder skeleton (D:4)
  An orc (D:4)
  2 jackals (D:9)
  A fungus (D:10)
10 creatures vanquished.

Grand Total: 292 creatures vanquished

Notes
Turn   | Place    | Note
--------------------------------------------------------------
     0 | D:1      | Ijustatesigmund the Demonspawn Fighter began the quest for the Orb.
     0 | D:1      | Reached XP level 1. HP: 18/18 MP: 1/1
   132 | D:1      | Gained mutation: You regenerate a little health from kills. [demonic ancestry]
   132 | D:1      | Reached XP level 2. HP: 8/24 MP: 2/2
   576 | D:2      | Reached XP level 3. HP: 29/29 MP: 3/3
  1129 | D:2      | Reached skill level 7 in Fighting
  1129 | D:2      | Reached skill level 8 in Maces & Flails
  1129 | D:2      | Reached XP level 4. HP: 35/43 MP: 4/4
  1130 | D:2      | Reached skill level 10 in Maces & Flails
  1130 | D:2      | Reached XP level 5. HP: 39/51 MP: 5/5
  1452 | D:3      | Noticed Jessica
  1458 | D:3      | Killed Jessica
  1579 | D:3      | Found an ancient bone altar of Kikubaaqudgha.
  1581 | D:3      | Found a blossoming altar of Fedhas.
  1627 | D:3      | Noticed Terence
  1638 | D:3      | Killed Terence
  1638 | D:3      | Gained mutation: You have large cloven feet. [demonic ancestry]
  1638 | D:3      | Reached XP level 6. HP: 52/57 MP: 6/6
  1773 | D:4      | Noticed a slave
  1774 | D:4      | Noticed a slave
  1774 | D:4      | Noticed a slave
  1775 | D:4      | Noticed Pikel
  1776 | D:4      | Noticed a slave
  1785 | D:4      | Killed a slave
  1795 | D:4      | Killed Pikel
  1795 | D:4      | Reached skill level 1 in Dodging
  1795 | D:4      | Reached XP level 7. HP: 27/63 MP: 7/7
  2406 | D:4      | Found a deep blue altar of Sif Muna.
  2460 | D:4      | Found a bloodstained altar of Trog.
  2460 | D:4      | Found a glowing silver altar of Zin.
  2520 | D:5      | Entered Level 5 of the Dungeon
  2557 | D:5      | Noticed Uberwunderbarhen's ghost (novice OpBe)
  2977 | D:5      | Killed Uberwunderbarhen's ghost
  2977 | D:5      | Reached XP level 8. HP: 34/70 MP: 8/8
  3601 | D:5      | Found a shadowy altar of Dithmenos.
  3652 | D:5      | Found a staircase to the Ecumenical Temple.
  3755 | Temple   | Entered the Ecumenical Temple
  3763 | Temple   | Became a worshipper of Warmaster Okawaru
  4457 | D:5      | Reached skill level 1 in Invocations
  4900 | D:6      | Found a shattered altar of Ashenzari.
  4909 | D:6      | Reached * piety under Okawaru
  5274 | D:6      | Reached XP level 9. HP: 75/75 MP: 10/10
  5511 | D:6      | Reached ** piety under Okawaru
  5735 | D:6      | Found a bloodstained altar of Trog.
  5736 | D:6      | Noticed a wizard
  5742 | D:6      | Killed a wizard
  6162 | D:7      | Reached skill level 5 in Armour
  6575 | D:7      | Reached skill level 5 in Shields
  6580 | D:7      | Gained mutation: You evolve. [mutagenic meat]
  6900 | D:8      | Reached *** piety under Okawaru
  7171 | D:8      | Gained mutation: You have hoof-like feet. [demonic ancestry]
  7171 | D:8      | Reached XP level 10. HP: 63/82 MP: 11/11
  7310 | D:8      | Noticed Erolcha
  7514 | D:8      | Gained mutation: You have a beak for a mouth. [evolution]
  7926 | D:9      | Reached XP level 11. HP: 87/87 MP: 12/12
  7967 | D:9      | Identified a scroll of acquirement
  7973 | D:9      | Reached **** piety under Okawaru
  8066 | D:9      | Found a shimmering altar of Xom.
  8556 | D:9      | Reached skill level 11 in Maces & Flails
  9051 | D:10     | Entered Level 10 of the Dungeon
  9322 | D:10     | Noticed an obsidian statue
  9672 | D:10     | Gained mutation: You have a pair of small horns on your head. [evolution]
 10176 | D:10     | Found a staircase to the Lair.
 10185 | D:10     | Reached ***** piety under Okawaru
 10658 | D:11     | Noticed an eight-headed hydra
 10671 | D:11     | Killed an eight-headed hydra
 10671 | D:11     | Reached skill level 10 in Fighting
 11147 | D:11     | Noticed a cyan ugly thing
 11157 | D:11     | Killed a cyan ugly thing
 11327 | D:12     | Noticed a deep elf mage
 11339 | D:12     | HP: 1/90 [chaos spawn[a deep elf mage] (6)]
 11339 | D:12     | Slain by a hell rat

Vault maps used:
D:1:      sevenhm_arrival_forest_fort_small_3, minmay_surrounded
D:2:      st_stairs_13
D:3:      grunt_temple_overflow_growth_and_decay, minmay_liquid_box,
          uniq_jessica, uniq_terence
D:4:      amethyst_overflow_temple_binary, kennysheep_mini, first_bread,
          uniq_pikel
D:5:      minmay_goblin_kobold_castle, lemuel_doored_altar, temple_green
D:6:      nicolae_ashenzari_panopticon, trog_wizard
D:7:      grunt_livestock, minmay_misc_feat_iff,
          corexii_item_surrounded_by_moat, minmay_stone_trees_medium
D:8:      uniq_erolcha
D:9:      xom_confusion_cloud, fungi_pond_lemuel
D:10:     grunt_lair_entry_orc_guard_hut, minmay_statue_bubble
D:11:     david_orc_4
D:12:     uniq_nessos
Temple:   temple_eino_lava_12

Action                   |  1- 3 |  4- 6 |  7- 9 | 10-12 || total
-------------------------+-------+-------+-------+-------++-------
Melee: Flail             |   104 |    53 |   586 |   184 ||   927
       Morningstar       |       |       |       |   282 ||   282
Invok: Heroism           |       |       |     3 |     4 ||     7
Evoke: Wand              |       |       |       |     3 ||     3
  Use: Scroll            |     6 |     1 |    16 |    12 ||    35
       Potion            |     1 |     2 |     3 |     2 ||     8
  Eat: Chunk             |     1 |     1 |    12 |    10 ||    24
       Beef jerky        |       |     1 |       |     2 ||     3
       Fruit             |       |       |     7 |       ||     7
       Royal jelly       |       |       |       |     1 ||     1
